 Dungeon Crawl Stone Soup version 0.31-a0-1589-g8f5e8aebd6 (webtiles) character file.

Game seed: 8896501522235859963

129 zenocrate the Sneak (level 5, -10/24 HPs)
             Began as a Vine Stalker Enchanter on Jan 5, 2024.
             Mangled by an orc
             ... wielding a +1 heavy mace
              (14 damage)
             ... on level 3 of the Dungeon.
             The game lasted 00:02:28 (1877 turns).

zenocrate the Sneak (Vine Stalker Enchanter)        Turns: 1877, Time: 00:02:29

Health: -10/24     AC:  2    Str: 11    XL:     5   Next: 12%
Magic:  0/9        EV:  9    Int: 15    God:
Gold:   88         SH:  0    Dex: 16    Spells: 3/8 levels left

rFire   . . .        b - +2 short sword (drain)
rCold   . . .        (no shield)
rNeg    . . .        k - +0 robe
rPois   .            (no helmet)
rElec   .            (no cloak)
rCorr   .            (no gloves)
SInv    .            (no boots)
Will    .....        (no amulet)
Stlth   +++          (no ring)
HPRegen 1.04/turn    (no ring)
MPRegen 0.11/turn

%: guardian spirit
@: constricted
A: fangs 2, regeneration 1, magic shield, antimagic bite, no potion heal 2
a: no special abilities


You were on level 3 of the Dungeon.
You visited 1 branch of the dungeon, and saw 3 of its levels.

You collected 88 gold pieces.

Inventory:

Hand Weapons
 a - a +1 dagger
 b - a +2 short sword of draining (weapon)
Missiles
 p - 6 atropa-tipped darts
Armour
 k - a +0 robe (worn)
Scrolls
 f - 3 scrolls of vulnerability
 g - 2 scrolls of teleportation {unknown}
 i - a scroll of identify {unknown}
 j - a scroll of fear {unknown}
 l - a scroll of fog {unknown}
 m - a scroll of poison {unknown}
Potions
 c - 2 potions of invisibility
 d - a potion of resistance {unknown}
 e - a potion of lignification {unknown}
 h - a potion of enlightenment {unknown}
 n - a potion of haste {unknown}
 o - a potion of mutation {unknown}


   Skills:
 + Level 2.1 Short Blades
 + Level 2.1 Dodging
 + Level 4.6 Stealth
 - Level 2.1 Spellcasting
 + Level 3.7 Hexes
 + Level 1.5 Ice Magic


You had 3 spell levels left.
You knew the following spells:

 Your Spells              Type           Power      Damage    Failure   Level
a - Ensorcelled Hibernat  Hex/Ice        18%        N/A       11%         2
b - Confusing Touch       Hex            12%        N/A       14%         3

Your spell library contained the following spells:

 Spells                   Type           Power      Damage    Failure   Level
 Tukima's Dance           Hex            12%        N/A       14%         3
 Dazzling Flash           Conj/Hex       14%        N/A       30%         3
 Fugue of the Fallen      Necr           1%         N/A       54%         3
 Anguish                  Hex/Necr       3%         N/A       71%         4


Dungeon Overview and Level Annotations

Branches:
Dungeon (3/15)

Altars:
Zin


Innate Abilities, Weirdness & Mutations

You have extremely sharp teeth.
Your natural rate of healing is unusually fast.
When hurt, damage is shared between your health and your magic reserves.
Your bite disrupts and absorbs the magic of your enemies.
Potions cannot restore your health.


Message History

Unknown command.
You hit the orc wizard.
The orc wizard is heavily wounded.
The bat barely misses you. The ball python barely misses you.
The ball python constricts you.
Unknown command.
You barely miss the orc wizard. Your bite misses the orc wizard.
The orc wizard is heavily wounded.
The bat barely misses you.
The orc wizard hits you with a +2 dagger of holy wrath.
The ball python bites you but does no damage.
The ball python constricts you.
Unknown command.
You hit the orc wizard.
The orc wizard is heavily wounded.
The bat hits you.
The orc wizard falters for a moment.
The ball python barely misses you. The ball python constricts you.
The bat hits you but does no damage.
Unknown command.
Unknown command.
You closely miss the orc wizard. Your bite misses the orc wizard.
The orc wizard is heavily wounded.
The bat barely misses you.
The ball python bites you but does no damage.
The ball python constricts you. The orc wizard barely misses you.
The orc barely misses you.
Unknown command.
Unknown command.
You completely miss the orc wizard. You bite the orc wizard.
The orc wizard's magic leaks into the air.
You drain its magic.
You feel invigorated.
The orc wizard is severely wounded.
The bat misses you. The ball python bites you.
* * * LOW HITPOINT WARNING * * *
The ball python constricts you.
The orc wizard hits you with a +2 dagger of holy wrath.
* * * LOW HITPOINT WARNING * * *
The orc hits you with a +1 heavy mace!
Ouch! That really hurt!
You die...

...# #..# ..## ...( #..#
.... ###..### J....
#......# ..... #....).#
......#oS....#
......#o@....#
.......b.....#
.....#......############
.... #.....<...........#
... #........<........#
## #......#..........#
########..........#
#..........#
#..........#


You could see an orc wizard (magic disrupted), an orc, a bat and a ball python.

Vanquished Creatures
  5 gnolls
  2 adders
  A dart slug (D:1)
  2 ribbon worms (D:2)
  2 orcs (D:3)
  7 endoplasms
  5 goblins
  5 hobgoblins (D:2)
  5 kobolds
  4 quokkas
  4 ball pythons
  4 bats
  2 frilled lizards (D:1)
  5 rats
53 creatures vanquished.

Notes
Turn   | Place    | Note
-------+----------+-------------------------------------------
     0 | D:1      | zenocrate the Vine Stalker Enchanter began the quest for
                  | the Orb.
     0 | D:1      | Reached XP level 1. HP: 9/9 MP: 4/4
    61 | D:1      | Reached skill level 1 in Short Blades
   100 | D:1      | Reached skill level 4 in Stealth
   100 | D:1      | Reached XP level 2. HP: 13/13 MP: 6/6
   176 | D:1      | Learned a level 2 spell: Ensorcelled Hibernation
   379 | D:1      | Reached XP level 3. HP: 16/16 MP: 7/7
   383 | D:1      | Learned a level 3 spell: Confusing Touch
   571 | D:1      | You fall into a shaft and drop 1 floor!
   576 | D:2      | Found a faded altar of an unknown god.
  1168 | D:2      | Found a glowing silver altar of Zin.
  1181 | D:2      | Reached skill level 1 in Ice Magic
  1296 | D:2      | Reached XP level 4. HP: 20/21 MP: 6/8
  1789 | D:2      | Reached XP level 5. HP: 17/24 MP: 3/9
  1877 | D:3      | Mangled by an orc

Illustrated notes

Levels and vault maps discovered:
D:1:      ncdulo_wetmaze, layout_loops_ring, serial_park_tiny_1
D:2:      layout_basic, basic_altar,
          hellmonk_ecumenical_altar_pennies_from_heaven
D:3:      layout_rooms, uniq_terence

Skill      XL: |  1  2  3  4 |
---------------+-------------+-----
Short Blades   | 1 2 |  2.1
Stealth        | 4 |  4.6
Ice Magic      | 1 |  1.5
Dodging        | 2 |  2.1
Spellcasting   | |  2.1
Hexes          | |  3.7

Action                     |  1- 3 |  4- 6 || total
---------------------------+-------+-------++-------
  Melee: Dagger            |    69 |       ||    69
         Bite              |    19 |     8 ||    27
         Short sword       |    11 |    41 ||    52
   Cast: Ensorcelled Hiber |     9 |     9 ||    18
    Use: Scroll            |     1 |       ||     1
   Stab: Sleeping          |    18 |     5 ||    23
         Distracted        |       |     1 ||     1
 Armour: Robe              |    18 |    40 ||    58
  Dodge: Dodged            |    35 |    42 ||    77

Table legend: (Time is in decaauts)
 A = Elapsed time spent in this place.
 B = Non-inter-level travel time spent in this place.
 C = Inter-level travel time spent in this place.
 D = Time resting spent in this place.
 E = Time spent auto-exploring this place.
 F = Levels seen in this place.
 G = Mean time per level.
                   A        B        C        D        E       F      G
               +--------+--------+--------+--------+--------+-----+--------+
         Total |   1878 |   1794 |     84 |      0 |   1372 |   3 |  626.0 |
       Dungeon |   1878 |   1794 |     84 |      0 |   1372 |   3 |  626.0 |
               +--------+--------+--------+--------+--------+-----+--------+

Top non-repeatable levels by time:
     D:1: 910 daAuts
     D:2: 834 daAuts
     D:3: 133 daAuts
